 Dungeon Crawl Stone Soup version 0.29.1-2-gbd0b4ee654 (webtiles) character file.

Game seed: 2697173422654061701

189 concernfroge the Trooper (level 5, -4/46 HPs)
             Began as a Mummy Monk on Nov 26, 2022.
             Killed by divine providence
             ... invoked by an orc priest
              (17 damage)
             ... on level 4 of the Dungeon.
             The game lasted 00:08:18 (5035 turns).

concernfroge the Trooper (Mummy Monk)               Turns: 5035, Time: 00:08:19

Health: -4/46      AC:  6    Str: 16    XL:     5   Next: 40%
Magic:  5/5        EV: 10    Int: 10    God:
Gold:   239        SH:  0    Dex: 14    Spells: 4/4 levels left

rFire   x . .      SeeInvis .   b - +0 quarterstaff
rCold   + + .      Faith    .   (shield currently unavailable)
rNeg    + + +      Spirit   .   n - +0 scale mail
rPois   ∞          Reflect  .   (no helmet)
rElec   .          Harm     .   (no cloak)
rCorr   .          Rampage  .   (no gloves)
Will    .....                   (no boots)
Stlth   ..........              (no amulet)
HPRegen 0.15/turn               j - ring of protection from cold
MPRegen 0.09/turn               (no ring)

@: no status effects
A: cold resistance 1, negative energy resistance 3, torment resistance 2, heat
vulnerability 1, in touch with death 1, no potions
a: no special abilities


You were on level 4 of the Dungeon.
You visited 1 branch of the dungeon, and saw 4 of its levels.

You collected 239 gold pieces.

Inventory:

Hand Weapons
 a - a +1 antimagic dagger
 b - a +0 quarterstaff (weapon)
Missiles
 k - 3 silver boomerangs (quivered)
Armour
 n - a +0 scale mail (worn)
Jewellery
 d - a ring of ice
 e - the ring of Vazob {rElec MP+9 Str+6 SInv}
   (You acquired it on level 4 of the Dungeon)

   [ring of magical power]

   Str:       It affects your strength (+6).
   rElec:     It insulates you from electricity.
   MP:        It affects your magic capacity (+9).
   SInv:      It lets you see invisible.
 j - a ring of protection from cold (left hand)
Wands
 h - a wand of flame (10)
Scrolls
 c - 2 scrolls of enchant weapon
 f - 2 scrolls of teleportation
 g - 2 scrolls of vulnerability
 o - a scroll of brand weapon {unknown}


   Skills:
 + Level 6.2 Fighting
 - Level 2.4 Polearms
 - Level 2.4 Dodging
 - Level 1.5 Stealth


You had 4 spell levels left.
You didn't know any spells.
Your spell library was empty.

Dungeon Overview and Level Annotations

Branches:
Dungeon (4/15)
 Temple: D:4-7

Altars:


Innate Abilities, Weirdness & Mutations

You are immune to poison.
Your flesh is cold resistant. (rC+)
You are immune to negative energy. (rN+++)
You are immune to unholy pain and torment.
You are vulnerable to heat. (rF-)
You are in touch with the powers of death.
You do not drink.


Message History

The orc wizard hits you but does no damage.
Throw: 4 boomerangs (silver)
Press: ? - help, Q - select action, (/) - cycle Shift-Dir - straight line, f - orc
Aim: an orc, wielding a +0 club (moderately wounded, 62% to hit)
You throw a silver boomerang.
The silver boomerang hits the orc wizard but does no damage.
The orc wizard is severely wounded.
The orc priest calls upon Beogh to heal the orc wizard.
The orc wizard is healed somewhat.
The orc wizard hits you with a +0 dagger.
Throw: 4 boomerangs (silver)
Press: ? - help, Q - select action, (/) - cycle Shift-Dir - straight line, f/p - orc
Aim: an orc, wielding a +0 club (moderately wounded, 62% to hit)
You throw a silver boomerang.
The silver boomerang hits the orc wizard.
The orc wizard is severely wounded.
The orc wizard barely misses you.
Throw: 3 boomerangs (silver)
Press: ? - help, Q - select action, (/) - cycle Shift-Dir - straight line, f/p - orc
Aim: an orc, wielding a +0 club (moderately wounded, 62% to hit)
You throw a silver boomerang.
The silver boomerang barely misses the orc wizard.
The silver boomerang hits the orc priest.
The orc priest is almost dead.
The orc wizard closely misses you. The orc wizard casts a spell at you.
You resist with some effort.
The orc priest mumbles some strange prayers to Beogh against you.
Beogh smites you!
The orc priest calls down the wrath of Beogh upon you.
Beogh smites you! The orc wizard casts a spell at you.
The puff of flame hits you! The fire burns you terribly!
* * * LOW HITPOINT WARNING * * *
The orc priest looks braver for a moment.
Things that are here:
a ring of wizardry; an amulet of faith The orc priest mumbles some strange prayers to Beogh against you.
Beogh smites you!
You die...

.#.).....###
#.#.# ##.#. #.
#.#...#.#
#o#.# #... #.
...### .# #O#
#..# #. #o#
###..# #. #o#
....########.
#§#
###.##>.......
#§#
#.....)#######
#§####......#
#§@.........#
######.....##
#.....#
.....###
#######


You could see an ogre, an orc priest, an orc wizard and an orc.

Vanquished Creatures
  A hound (D:3)
  Ijyb (D:3)
  3 adders
  3 gnolls (D:2)
  2 worms
  2 dart slugs (D:2)
  6 bats
  5 endoplasms
  6 goblins
  7 hobgoblins
  6 jackals (D:1)
  10 kobolds
  6 quokkas
  2 ball pythons
  4 frilled lizards
  5 rats
69 creatures vanquished.

Notes
Turn   | Place    | Note
-------+----------+-------------------------------------------
     0 | D:1      | concernfroge the Mummy Monk began the quest for the Orb.
     0 | D:1      | Reached XP level 1. HP: 18/18 MP: 1/1
   264 | D:1      | Reached XP level 2. HP: 19/24 MP: 2/2
  1477 | D:1      | Reached skill level 4 in Fighting
  1835 | D:2      | Gained mutation: You are in touch with the powers of death.
                  | [Mummy growth]
  1835 | D:2      | Reached XP level 3. HP: 25/31 MP: 3/3
  2415 | D:2      | Reached XP level 4. HP: 38/38 MP: 4/4
  2428 | D:2      | Reached skill level 5 in Fighting
  2957 | D:2      | Found a faded altar of an unknown god.
  3353 | D:3      | Noticed Ijyb
  3724 | D:3      | Reached XP level 5. HP: 36/46 MP: 5/5
  4366 | D:4      | Noticed an ogre
  4367 | D:4      | Identified a scroll of acquirement
  4367 | D:4      | Acquired the ring of Vazob {rElec MP+9 Str+6 SInv}
  4407 | D:3      | Reached skill level 6 in Fighting
  4735 | D:3      | Killed Ijyb
  5035 | D:4      | Killed from afar by an orc priest

Illustrated notes

Levels and vault maps discovered:
D:1:      dpeg_arrival_long_road, layout_loops_corners,
          amcnicky_mini_rare_corridor_liquid, minmay_misc_feat_pillars
D:2:      layout_loops_ring, hellmonk_ecumenical_altar_arch_garden
D:3:      layout_basic, mainiacjoe_overflow_paths, uniq_ijyb
D:4:      layout_loops_ring

Skill      XL: |  1  2  3  4  5 |
---------------+----------------+-----
Fighting       | 4 5 6 |  6.2
Polearms       | |  2.4
Dodging        | |  2.4
Stealth        | |  1.5

Action                   |  1- 3 |  4- 6 || total
-------------------------+-------+-------++-------
Melee: Spear             |    67 |       ||    67
       Quarterstaff      |    51 |   133 ||   184
       Punch             |     1 |       ||     1
Throw: Boomerang         |       |    12 ||    12
  Use: Scroll            |       |     8 ||     8
 Stab: Sleeping          |     3 |       ||     3
Armor: Robe              |    11 |       ||    11
       Leather armour    |    17 |    11 ||    28
       Scale mail        |       |    45 ||    45
Dodge: Dodged            |    79 |    93 ||   172
